 Dungeon Crawl Stone Soup version 0.19-a0-1254-gb9c29c0 (webtiles) character file.

5160 junb69 the Carver (level 10, -5/68 HPs)
             Began as a Tengu Gladiator on Aug 27, 2016.
             Was an Elder of Okawaru.
             Killed from afar by an electric eel (10 damage)
             ... with a bolt of electricity
             ... on level 8 of the Dungeon.
             The game lasted 00:21:14 (8891 turns).

junb69 the Carver (Tengu Gladiator)                 Turns: 8891, Time: 00:21:16

Health: -5/68      AC:  9    Str: 19    XL:     10   Next: 59%
Magic:  11/11      EV: 13    Int:  8    God:    Okawaru [****..]
Gold:   372        SH:  0    Dex: 15    Spells: 0 memorised, 9 levels left

rFire  . . .     SeeInvis .     N - +2 long sword (curse)
rCold  . . .     Gourm    .     C - +0 scale mail
rNeg   + . .     Faith    .     (no shield)
rPois  +         Spirit   .     c - +0 hat
rElec  .         Dismiss  .     r - +0 cloak
rCorr  .         Reflect  .     B - +0 pair of gloves (curse)
MR     .....     Harm     .     (boots unavailable)
Stlth  ..........               p - amulet of rage
                                A - ring of positive energy
                                q - ring of poison resistance

@: no status effects
A: beak, talons 3, able to fly 1
a: Fly, Heroism, Renounce Religion, Evoke Berserk Rage


You were on level 8 of the Dungeon.
You worshipped Okawaru.
Okawaru was greatly pleased with you.
You were not hungry.

You visited 2 branches of the dungeon, and saw 9 of its levels.

You collected 489 gold pieces.
You spent 117 gold pieces at shops.

Inventory:

Hand Weapons
 N - a cursed +2 long sword (weapon)
Missiles
 d - 3 throwing nets (quivered)
Armour
 c - a +0 hat (worn)
 r - a +0 cloak (worn)
 B - a cursed +0 pair of gloves (worn)
 C - a +0 scale mail (worn)
Jewellery
 h - an uncursed ring of stealth {unknown}
 p - an amulet of rage (around neck)
 q - a ring of poison resistance (left hand)
 A - a ring of positive energy (right hand)
 I - an uncursed amulet of the gourmand {unknown}
Wands
 u - a wand of lightning (9/15)
 y - a wand of polymorph (5/24)
 J - a wand of heal wounds (4/9)
 K - a wand of iceblast (6/15)
 L - a wand of iceblast (2/15)
 P - a wand of polymorph (19/24)
Scrolls
 g - a scroll of immolation {unknown}
 i - a scroll of amnesia {unknown}
 j - 3 scrolls of fear
 m - 3 scrolls of blinking
 n - 2 scrolls of identify
 t - a scroll of enchant armour {unknown}
 w - 5 scrolls of enchant weapon
 x - a scroll of magic mapping
 D - 2 scrolls of teleportation
 G - a scroll of fog {unknown}
 H - a scroll of remove curse {unknown}
Potions
 a - a potion of haste {unknown}
 b - a potion of heal wounds
 e - 4 potions of curing
 k - a potion of ambrosia {unknown}
 s - a potion of might
 v - 2 potions of cure mutation
 z - a potion of brilliance {unknown}
 F - 2 potions of agility {unknown}
 M - a potion of cancellation {unknown}
Comestibles
 f - 7 bread rations
 l - a meat ration
 o - 7 slices of pizza
 E - a beef jerky
 O - 3 chunks of flesh


   Skills:
 - Level 10.0 Fighting
 - Level 11.0 Long Blades
 - Level 2.0 Throwing
 * Level 5.1 Armour
 * Level 6.4 Dodging


You had 9 spell levels left.
You didn't know any spells.

Dungeon Overview and Level Annotations

Branches:
Dungeon (8/15)             Temple (1/1) D:4            Lair (0/6) D:8

Altars:
Ashenzari
Cheibriados
Dithmenos
Elyvilon
Fedhas
Gozag
Hepliaklqana
Kikubaaqudgha
Makhleb
Nemelex Xobeh
Okawaru
Qazlal
Ru
Sif Muna
Trog
Uskayaw
Vehumet
Xom
Yredelemnul
Zin
The Shining One

Shops:
D:4 ?[[!

Annotations:
D:2 exclusion: oklob plant
D:8 1 exclusion


Innate Abilities, Weirdness & Mutations

You have a beak for a mouth.
You have claws for feet.
You can fly.


Message History

The bolt of electricity hits the electric eel.
The electric eel completely resists.
The bolt of electricity hits you!
* * * LOW HITPOINT WARNING * * *
The electric eel shoots out a bolt of lightning at you!
The bolt of electricity hits you!
* * * LOW HITPOINT WARNING * * *
The electric eel shoots out a bolt of lightning at you!
The bolt of electricity hits the electric eel.
The electric eel completely resists.
The bolt of electricity misses you.
The electric eel shoots out a bolt of lightning at you!
The bolt of electricity hits you!
* * * LOW HITPOINT WARNING * * *
There is an escape hatch in the ceiling here.
The electric eel shoots out a bolt of lightning at you!
The bolt of electricity hits you!
* * * LOW HITPOINT WARNING * * *
The electric eel shoots out a bolt of lightning at you!
The bolt of electricity misses the electric eel.
The bolt of electricity hits you!
You die...

≈≈P≈♣≈### #..#
P≈≈;♣≈..####.##
PP♣≈;........#
♣P≈.......####
♣♣.........##
............## ##
.............## ##.
..............###### ##..
........@...).(((((###...
........[...#######......
............# #####..
..........### #..
.........## ##.
##.....### ## ##.##. # ##
#.


You could see 2 electric eels.

Vanquished Creatures
  Joseph (D:8)
  An elephant (D:8)
  Psyche (D:8)
  2 dream sheep (D:8)
  3 yaks (D:8)
  A hippogriff (D:8)
  A water moccasin (D:8)
  An orc warrior (D:7)
  An ice beast (D:8)
  2 sky beasts
  4 ogres
  4 centaurs
  2 crocodiles (D:8)
  2 big kobolds (D:8)
  3 giant frogs
  A scorpion (D:7)
  5 wights (D:7)
  5 howler monkeys
  4 crimson imps
  A giant frog zombie (D:5)
  A quasit (D:8)
  5 hounds
  3 orc priests
  A jelly (D:5)
  A centaur skeleton (D:6)
  Natasha (thrice) (D:2)
  8 orc wizards
  4 worker ants
  2 hound skeletons
  A hound zombie (D:8)
  10 adders
  4 gnolls (D:2)
  2 shadow imps
  4 oozes
  An adder skeleton (D:4)
  2 worms (D:2)
  4 dart slugs
  32 orcs
  2 bat zombies (D:4)
  7 giant cockroaches
  6 hobgoblins
  4 jackals
  12 kobolds
  4 quokkas
  2 ball pythons (D:1)
  3 bats
  A giant gecko zombie (D:5)
  4 giant newts
  9 goblins
  7 rats
  A rat zombie (D:4)
  A plant (D:8)
196 creatures vanquished.

Vanquished Creatures (others)
  A plant (D:8)
  15 toadstools (D:2)
16 creatures vanquished.

Grand Total: 212 creatures vanquished

Notes
Turn   | Place    | Note
-------+----------+-------------------------------------------
     0 | D:1      | junb69 the Tengu Gladiator began the quest for the Orb.
     0 | D:1      | Reached XP level 1. HP: 12/12 MP: 2/2
   363 | D:1      | Reached XP level 2. HP: 17/17 MP: 3/3
   642 | D:1      | Reached skill level 4 in Long Blades
   928 | D:2      | Reached XP level 3. HP: 22/22 MP: 4/4
  1056 | D:2      | Reached XP level 4. HP: 27/28 MP: 5/5
  1552 | D:2      | Noticed Natasha
  1562 | D:2      | Killed Natasha
  1562 | D:2      | Reached skill level 5 in Long Blades
  1562 | D:2      | Gained mutation: You can fly. [Tengu growth]
  1562 | D:2      | Reached XP level 5. HP: 33/33 MP: 6/6
  1683 | D:2      | Noticed Natasha
  1694 | D:2      | Killed Natasha
  1785 | D:2      | Found a blossoming altar of Fedhas.
  1806 | D:2      | Noticed an oklob plant
  1831 | D:2      | You fall through a shaft for 2 floors!
  1835 | D:4      | Found a staircase to the Ecumenical Temple.
  1844 | Temple   | Entered the Ecumenical Temple
  1901 | Temple   | Became a worshipper of Warmaster Okawaru
  1932 | D:4      | Found an ancient bone altar of Kikubaaqudgha.
  1985 | D:4      | Noticed an ogre
  1991 | D:4      | Killed an ogre
  1991 | D:4      | Reached XP level 6. HP: 39/39 MP: 7/7
  2247 | D:2      | Noticed Natasha
  2254 | D:2      | Killed Natasha
  2429 | D:3      | Found a hide-covered altar of Uskayaw.
  2496 | D:3      | Reached skill level 6 in Long Blades
  3157 | D:3      | Reached skill level 5 in Fighting
  3414 | D:4      | Found Hoach's Magic Scroll Emporium.
  3497 | D:4      | Reached * piety under Okawaru
  3497 | D:4      | Reached XP level 7. HP: 44/44 MP: 8/8
  3574 | D:4      | Found Vanod's Antique Armour Shoppe.
  3580 | D:4      | Found Laniluum's Antique Armour Shoppe.
  3840 | D:4      | Found Amifracw's Distillery.
  3938 | D:4      | Bought a potion of might for 52 gold pieces
  3938 | D:4      | Bought a potion of heal wounds for 65 gold pieces
  4227 | D:4      | Reached skill level 7 in Long Blades
  4232 | D:4      | Found Vaiwkowa's Assorted Antiques.
  4260 | D:5      | Entered Level 5 of the Dungeon
  4693 | D:5      | Found a basalt altar of Yredelemnul.
  4716 | D:5      | Reached XP level 8. HP: 51/52 MP: 9/9
  5069 | D:6      | Reached skill level 8 in Long Blades
  5072 | D:6      | Reached ** piety under Okawaru
  5233 | D:6      | Found a sparkling altar of Nemelex Xobeh.
  5233 | D:6      | Found a blossoming altar of Fedhas.
  5479 | D:7      | Found a bloodstained altar of Trog.
  5564 | D:7      | Found a burning altar of Makhleb.
  5716 | D:7      | Reached skill level 9 in Long Blades
  5965 | D:7      | Reached XP level 9. HP: 50/59 MP: 10/10
  6133 | D:7      | Found a sacrificial altar of Ru.
  6262 | D:7      | Reached *** piety under Okawaru
  6720 | D:8      | Reached skill level 10 in Long Blades
  7144 | D:8      | Reached **** piety under Okawaru
  7163 | D:8      | Reached skill level 10 in Fighting
  7163 | D:8      | Reached skill level 11 in Long Blades
  7163 | D:8      | Reached XP level 10. HP: 21/68 MP: 11/11
  7412 | D:8      | Found a staircase to the Lair.
  7413 | D:8      | Noticed an elephant
  7425 | D:8      | Killed an elephant
  7698 | D:8      | Noticed Psyche
  7716 | D:8      | HP: 1/102 [something/wand of lightning (15)]
  7717 | D:8      | Killed Psyche
  7717 | D:8      | Reached skill level 5 in Dodging
  8421 | D:8      | Noticed Joseph
  8467 | D:8      | Killed Joseph
  8687 | D:8      | Reached skill level 5 in Armour
  8891 | D:8      | Killed from afar by an electric eel

Vault maps used:
D:1:      dpeg_arrival_water_fire, serial_bayou_pond_a
D:2:      amethyst_killhole, tgw_fedhas, uniq_natasha
D:3:      nicolae_overflow_hidden_temple, serial_glass, glass_columns_a,
          glass_columns_a, glass_columns_c, glass_columns_b, glass_columns_a,
          glass_columns_b, glass_columns_a, glass_columns_b, glass_columns_b,
          glass_columns_a, glass_columns_b, glass_columns_a, glass_columns_b,
          glass_columns_a, due_unseen_surprise, item_on_display_a,
          feat_on_display, minmay_strange_pillars, patterned_corridor
D:4:      lemuel_zombie_altar_kikubaaqudgha, serial_shops, shop,
          nicolae_shop_behind_doors, kennysheep_mini, shop,
          nicolae_shop_temple_entry_statues_fountains, first_bread
D:5:      kennysheep_little_box, serial_bayou_pond_b
D:6:      gammafunk_temple_overflow_elements, hex_tiny
D:7:      bloody_trog, overflow_temple_1_default,
          nicolae_ru_great_annihilating_truth
D:8:      david_lair_generic, hangedman_ranch, minivault_27,
          serial_bayou_lake_a, uniq_joseph, uniq_psyche
Temple:   dshaligram_water_room_temple

Skill      XL: |  1  2  3  4  5  6  7  8  9 10 |
---------------+-------------------------------+-----
Long Blades    | 4 5 6 7 9 11 | 11.0
Fighting       | 3 4 5 6 8 10 | 10.0
Armour         | 5 |  5.1
Dodging        | 6 |  6.4
Throwing       | |  2.0

Action                   |  1- 3 |  4- 6 |  7- 9 | 10-12 || total
-------------------------+-------+-------+-------+-------++-------
Melee: Long sword        |    49 |   152 |   406 |   141 ||   748
       Kick              |    15 |    45 |   130 |    57 ||   247
       Peck              |     8 |    31 |    92 |    37 ||   168
       Unarmed           |       |     7 |       |       ||     7
Invok: Heroism           |       |       |       |     2 ||     2
 Abil: Evoke Berserk Rag |     2 |     3 |     3 |     2 ||    10
       Fly               |       |       |       |     1 ||     1
  Use: Scroll            |       |       |    13 |       ||    13
       Potion            |       |       |     1 |     3 ||     4
 Stab: Sleeping          |       |     1 |       |       ||     1
       Paralysed         |       |       |     1 |       ||     1
  Eat: Chunk             |     1 |    10 |    12 |       ||    23
       Fruit             |       |       |     9 |     6 ||    15
Armor: Leather armour    |     8 |    25 |       |       ||    33
       Scale mail        |       |     3 |   120 |    33 ||   156
Dodge: Dodged            |    29 |    72 |   153 |    50 ||   304
